 Dungeon Crawl Stone Soup version 0.30.1-4-g462c640d31 (webtiles) character file.

Game seed: 13609306090251471653

96 rvierbuc the Ducker (level 4, -3/34 HPs)
             Began as a Demonspawn Gladiator on Aug 21, 2023.
             Killed by divine providence
             ... invoked by an orc priest
              (14 damage)
             ... on level 3 of the Dungeon.
             The game lasted 00:08:23 (1753 turns).

rvierbuc the Ducker (Demonspawn Gladiator)          Turns: 1753, Time: 00:08:23

Health: -3/34      AC:  4    Str: 16    XL:     4   Next: 41%
Magic:  4/4        EV:  8    Int: 10    God:
Gold:   119        SH: 10    Dex: 14    Spells: 3/3 levels left

rFire   . . .        a - +0 long sword
rCold   . . .        w - +0 tower shield
rNeg    + . .        b - +0 leather armour
rPois   +            c - +0 helmet
rElec   .            (no cloak)
rCorr   .            (no gloves)
SInv    .            (no boots)
Will    .....        j - amulet of magic regeneration
Stlth   +            i - ring of poison resistance
HPRegen 0.25/turn    v - ring of positive energy
MPRegen 0.49/turn

%: no passive effects
@: no status effects
A: demonic guardian 1, weakness stinger 2
a: no special abilities


You were on level 3 of the Dungeon.
You visited 1 branch of the dungeon, and saw 3 of its levels.

You collected 119 gold pieces.

Inventory:

Hand Weapons
 a - a +0 long sword (weapon)
 n - a +0 dagger of draining
 t - a +3 sling
Missiles
 d - 2 throwing nets
 e - 3 javelins
 o - 5 boomerangs
 p - 4 poisoned darts (quivered)
Armour
 b - a +0 leather armour (worn)
 c - a +0 helmet (worn)
 h - a +0 ring mail
 k - a +0 plate armour
 s - a +0 kite shield
 w - a +0 tower shield (worn)
Jewellery
 i - a ring of poison resistance (left hand)
 j - an amulet of magic regeneration (around neck)
 v - a ring of positive energy (right hand)
Scrolls
 f - 7 scrolls of identify {unknown}
 g - 2 scrolls of immolation {unknown}
 l - a scroll of poison {unknown}
 q - a scroll of vulnerability {unknown}
 r - a scroll of fear {unknown}
 u - a scroll of teleportation {unknown}
 x - a scroll of noise {unknown}
Potions
 m - 3 potions of haste {unknown}


   Skills:
 + Level 2.3 Fighting
 + Level 3.3 Long Blades
 + Level 2.0 Throwing
 + Level 1.5 Armour
 + Level 3.5 Dodging


You had 3 spell levels left.
You didn't know any spells.
Your spell library contained the following spells:

 Spells                   Type           Power      Damage    Failure   Level
 Apportation              Tloc           0%         N/A       100%        1
 Necrotise                Necr           0%         1d4       100%        1
 Summon Small Mammal      Summ           0%         N/A       100%        1


Dungeon Overview and Level Annotations

Branches:
Dungeon (3/15)

Altars:


Innate Abilities, Weirdness & Mutations

A weak demonic guardian rushes to your aid.
You have a tail ending in a sharp stinger.


Message History

An adder is nearby!
You hit the adder.
The adder is lightly wounded.
You block the adder's attack. The adder barely misses you.
You hit the adder.
The adder is moderately wounded.
You block the adder's attack. The adder bites you.
You slash the adder!
Your tail-slap misses the adder.
The adder is almost dead.
The adder bites you but does no damage. You block the adder's attack.
You closely miss the adder.
The adder is almost dead.
The adder closely misses you. The adder bites you but does no damage.
You hit the adder.
You kill the adder!
You see here 2 stones.
Things that are here:
a +0 hand axe; an orc skeleton
Items here: )) [[.
As you open the door, it creaks loudly!
An orc priest, an orc and a ball python come into view.
The orc priest shouts!
The ball python hisses angrily.
You hear a shout!
An orc comes into view. It is wielding a +0 short sword.
The ball python moves out of view.
The orc shouts!
The orc priest invokes the aid of Beogh against you.
Pain shoots through your body!
A demonic guardian appears!
There is an open door here.
You hit the orc priest.
The orc priest is moderately wounded.
The orc priest begins to cast a cantrip, but forgets the words!
You hit the orc but do no damage. You block the orc's attack.
The orc hits you with a +0 short sword.
You hit the orc but do no damage.
The orc priest invokes the aid of Beogh against you.
Beogh smites you! The orc misses you.
You swap places.
The orc priest calls down the wrath of Beogh upon you.
Beogh smites you!
You die...

...##............................
.......##################.#####.#
#####.###################.......#
.................................
####.######################<.....
...>.## ###............<..
..#...## #. #.....#########.##
.##.#..###..S###.....# #.......
.... ....+..ooo5@....# #.###...
.#####.# #...###....## #.# #...
.......# #. #......# #.###...
#......### #....### #.##....
#........# #....# #.##....
......##†# #....# #..'....
#.....##.########## ####....
#.....##......## #....
#.###.##.......## ########....


You could see an orc priest (ally target), 2 orcs, a ball python and a friendly
iron imp (summoned).

Vanquished Creatures
  An orc priest (D:3)
  2 adders
  A dart slug (D:2)
  An orc (D:3)
  2 endoplasms
  A giant cockroach (D:1)
  5 goblins
  5 hobgoblins
  2 jackals (D:1)
  3 quokkas
  7 ball pythons
  4 bats
  A frilled lizard (D:2)
  3 kobolds
  5 rats
43 creatures vanquished.

Vanquished Creatures (collateral kills)
  An orc (D:3)
1 creature vanquished.

Grand Total: 44 creatures vanquished

Notes
Turn   | Place    | Note
-------+----------+-------------------------------------------
     0 | D:1      | rvierbuc the Demonspawn Gladiator began the quest for the
                  | Orb.
     0 | D:1      | Reached XP level 1. HP: 16/16 MP: 1/1
   121 | D:1      | Gained mutation: A weak demonic guardian rushes to your
                  | aid. [demonic ancestry]
   121 | D:1      | Reached XP level 2. HP: 22/22 MP: 2/2
   540 | D:2      | Gained mutation: You have a small tail. [demonic ancestry]
   540 | D:2      | Reached XP level 3. HP: 21/27 MP: 3/3
   639 | D:2      | You fall into a shaft and drop 1 floor!
  1277 | D:3      | Reached skill level 1 in Armour
  1363 | D:3      | Gained mutation: You have a tail ending in a sharp stinger.
                  | [demonic ancestry]
  1363 | D:3      | Reached XP level 4. HP: 22/33 MP: 4/4
  1753 | D:3      | Killed from afar by an orc priest

Illustrated notes

Levels and vault maps discovered:
D:1:      roderic_crop_circles_arrival_large, layout_rooms
D:2:      layout_basic, hangedman_decor_peaks_small, serial_park_tiny_1
D:3:      layout_basic, kennysheep_generic_room_5

Skill      XL: |  1  2  3 |
---------------+----------+-----
Dodging        | 3 |  3.5
Long Blades    | 3 |  3.3
Throwing       | 2 |  2.0
Armour         | 1 |  1.5
Fighting       | |  2.3

Action                     |  1- 3 |  4- 6 || total
---------------------------+-------+-------++-------
  Melee: Long sword        |   115 |    19 ||   134
         Punch             |     1 |       ||     1
         Tailslap          |     4 |     3 ||     7
  Throw: Throwing net      |     3 |       ||     3
         Dart              |    12 |       ||    12
 Armour: Leather armour    |    47 |     3 ||    50
  Dodge: Dodged            |    91 |     6 ||    97
  Block: Kite shield       |     6 |     1 ||     7
         Tower shield      |       |    10 ||    10
